 Dungeon Crawl Stone Soup version 0.28-a0-1374-ga75cb3825e (webtiles) character file.

Game seed: 16176021510484860292

12446 frimble the Carver (level 11, -4/84 HPs)
             Began as a Demonspawn Warper on Dec 31, 2021.
             Was an Elder of Cheibriados.
             Engulfed by an ice statue's freezing vapour (11 damage)
             ... in an ice cave.
             The game lasted 00:21:41 (16437 turns).

frimble the Carver (Demonspawn Warper)             Turns: 16437, Time: 00:21:41

Health: -4/84      AC: 36    Str: 21    XL:     11   Next: 62%
Magic:  15/15      EV:  9    Int: 28    God:    Cheibriados [****..]
Gold:   553        SH:  0    Dex: 21    Spells: 10/14 levels left

rFire   . . .      SeeInvis +   a - +3 scimitar (flame)
rCold   + . .      Faith    .   (no shield)
rNeg    . . .      Spirit   .   C - +8 crystal plate armour of the Game of Life {rElec rC+ rCorr SInv}
rPois   .          Reflect  .   (helmet restricted)
rElec   +          Harm     .   (no cloak)
rCorr   +          Rampage  .   k - +2 pair of gloves
Will    .....                   l - +0 pair of boots
Stlth   ..........              (no amulet)
HPRegen 0.24/turn               x - +4 ring of evasion
MPRegen 0.28/turn               m - +4 ring of protection

@: about to teleport, sanguine armoured, very slow
A: horns 2, foul stench 2, magic regeneration, sanguine armour 1
a: Renounce Religion, Bend Time, Temporal Distortion, Slouch


You were in an ice cave.
You worshipped Cheibriados.
Cheibriados was greatly pleased with you.
You visited 2 branches of the dungeon, and saw 13 of its levels.
You also visited: Sewer and Ice Cave.

You collected 571 gold pieces.
You spent 18 gold pieces at shops.

Inventory:

Hand Weapons
 a - a +3 scimitar of flaming (weapon)
 b - a +1 short sword of venom
Armour
 d - a +1 leather armour of poison resistance
 k - a +2 pair of gloves (worn)
 l - a +0 pair of boots (worn)
 u - a +0 kite shield
 v - a +2 robe of cold resistance
 C - the +8 crystal plate armour of the Game of Life (worn) {rElec rC+ rCorr SInv}
   (You acquired it in an ice cave)

   rC:        It protects you from cold.
   rElec:     It insulates you from electricity.
   SInv:      It lets you see invisible.
   rCorr:     It protects you from acid and corrosion.
Jewellery
 e - a ring of wizardry
 i - a ring of resist corrosion
 m - a +4 ring of protection (right hand)
 x - a +4 ring of evasion (left hand)
 z - a ring of see invisible
Wands
 r - a wand of paralysis (7)
 y - a wand of iceblast (5)
 B - a wand of mindburst (7)
Scrolls
 f - 3 scrolls of magic mapping
 n - a scroll of teleportation
 s - 2 scrolls of fog
Potions
 c - 4 potions of curing
 g - a potion of haste
 h - 2 potions of mutation
 j - a potion of resistance
 o - 2 potions of lignification
 p - a potion of berserk rage
 q - 2 potions of invisibility
 t - a potion of cancellation
 A - a potion of might


   Skills:
 - Level 7.0 Fighting
 - Level 4.0(8.3) Short Blades
 + Level 11.2(11.5) Long Blades
 - Level 6.0 Throwing
 - Level 1.1 Armour
 - Level 5.9 Dodging
 - Level 2.1 Spellcasting
 - Level 3.4 Translocations
 + Level 6.5 Invocations
 - Level 5.0 Evocations


You had 10 spell levels left.
You knew the following spells:

 Your Spells              Type           Power      Damage    Failure   Level
a - Blink                 Tloc           44%        N/A       100%        2
b - Passwall              Tmut/Erth      1%         N/A       100%        2

Your spell library contained the following spells:

 Spells                   Type           Power      Damage    Failure   Level
 Confusing Touch          Hex            2%         N/A       100%        3
 Gell's Gravitas          Tloc           22%        N/A       100%        3
 Ignite Poison            Fire/Tmut/Pois 2%         N/A       100%        3
 Lesser Beckoning         Tloc           22%        N/A       100%        3
 Mephitic Cloud           Conj/Pois/Air  2%         N/A       100%        3
 Stone Arrow              Conj/Erth      4%         3d7       100%        3
 Teleport Other           Tloc           22%        N/A       100%        3
 Animate Armour           Summ/Erth      4%         N/A       100%        4
 Freezing Cloud           Conj/Ice/Air   1%         6-21      100%        5
 Manifold Assault         Tloc           22%        N/A       100%        5
 Summon Forest            Summ/Tloc      6%         N/A       100%        5
 Yara's Violent Unravell  Hex/Tmut       1%         3d3       100%        5
 Iron Shot                Conj/Erth      1%         9d1       100%        6
 Enfeeble                 Hex            1%         N/A       100%        7


Dungeon Overview and Level Annotations

Branches:
Dungeon (12/15)            Temple (1/1) D:4           Sewer (visited)
  IceCv (1/1)
   Lair: D:8-11         Orc: D:9-12

Altars:
Ashenzari
Cheibriados
Elyvilon
Nemelex Xobeh
Qazlal
Xom
Yredelemnul
Zin
The Shining One

Shops:
D:2 (   D:7 *

Annotations:
D:10 exclusion: oklob plant
D:11 1 exclusion IceCv exclusion: 2 ice statues


Innate Abilities, Weirdness & Mutations

You have a pair of horns on your head.
You sometimes emit foul miasma when damaged in melee.
You regenerate magic rapidly.
When seriously injured, your blood forms armour. (AC +6)


Message History

The floor.
There is a cloud of freezing vapour here.
Unknown command.
As you read the scroll of teleportation, it crumbles to dust.
You feel strangely unstable.
You are engulfed in freezing vapours.
You resist.
* * * LOW HITPOINT WARNING * * *
The ice statue gestures.
The ice beast hits you but does no damage. x3
You hit the ice statue.
You melt the ice statue.
The ice statue is lightly damaged.
You are engulfed in freezing vapours.
You resist.
* * * LOW HITPOINT WARNING * * *
The ice beast hits you but does no damage.
You slash the ice statue!
You melt the ice statue!
You headbutt the ice statue!
The ice statue is heavily damaged.
The ice beast hits you but does no damage.
The ice beast barely misses you.
The ice beast hits you but does no damage.
You hit the ice statue but do no damage.
You headbutt the ice statue, but do no damage.
The ice statue is heavily damaged.
The ice beast hits you.
* * * LOW HITPOINT WARNING * * *
The ice beast freezes you. You resist.
* * * LOW HITPOINT WARNING * * *
The ice beast hits you but does no damage. x2
You hit the ice statue.
You melt the ice statue.
The ice statue is heavily damaged.
Your surroundings seem slightly different.
The ice beast hits you but does no damage.
The ice beast hits you.
* * * LOW HITPOINT WARNING * * *
The ice beast freezes you. You resist.
* * * LOW HITPOINT WARNING * * *
The ice statue gestures at you.
The freezing blast engulfs the ice beast.
The ice beast completely resists.
As you read the scroll of teleportation, it crumbles to dust.
You feel strangely unstable.
You are engulfed in freezing vapours.
You resist.
You die...

#### ############# #######
...## ##..)([#.....## ##..(?"#
....###......#......###..°..$#
.....#.......#.......#Z......#
..∩...............°..8Y.Z○..=#
.....#......○#..@Y☼..#.......#
....###....°.#.YYY§.###.....(#
...## ##.....#.§§§8## ##..(!:#
#### ############# #######


You could see 2 ice statues, 5 ice beasts and an anaconda simulacrum.

Vanquished Creatures
  Erica (D:9)
  A deep elf pyromancer (D:7)
  Pikel (D:5)
  An ugly thing (IceCv)
  5 centaur zombies
  An ice statue (IceCv)
  A gargoyle (D:12)
  2 unseen horrors (D:11)
  A komodo dragon (D:10)
  A kobold demonologist (D:10)
  A troll (D:12)
  A hornet (D:7)
  Prince Ribbit (D:8)
  A water elemental (D:11)
  A wraith (D:10)
  Sigmund (D:4)
  3 wyverns (D:11)
  9 yaks
  Edmund (D:4)
  Duvessa (D:5)
  Pargi (Sewer)
  2 water moccasins
  2 hornet zombies
  3 orc warriors
  2 sky beasts
  A necrophage (D:6)
  6 centaurs
  3 phantoms
  3 kobold brigands (D:10)
  3 bullfrogs
  2 scorpions (D:5)
  A cane toad simulacrum (IceCv)
  Dowan (D:5)
  19 killer bees
  3 electric eels (D:11)
  An elephant simulacrum (IceCv)
  A hound (D:6)
  5 jellies
  A gnoll shaman (D:5)
  2 orc priests
  2 centaur skeletons
  3 iguanas
  4 orc wizards
  A polar bear simulacrum (IceCv)
  4 wolf simulacra (IceCv)
  2 howler monkey skeletons (D:5)
  8 adders
  8 gnolls (D:5)
  A shadow imp (D:7)
  2 white imps
  An ufetubus (D:5)
  2 worms (D:2)
  3 dart slugs
  18 orcs
  22 endoplasms
  7 giant cockroaches
  4 goblins
  4 hobgoblins
  A jackal (Sewer)
  4 quokkas
  7 ball pythons
  5 bats
  2 frilled lizards
  14 kobolds
  4 rats (D:1)
230 creatures vanquished.

Vanquished Creatures (others)
  An orc (D:9)
  14 fungi
  26 plants (D:11)
41 creatures vanquished.

Grand Total: 271 creatures vanquished

Notes
Turn   | Place    | Note
-------+----------+-------------------------------------------
     0 | D:1      | frimble the Demonspawn Warper began the quest for the Orb.
     0 | D:1      | Reached XP level 1. HP: 16/16 MP: 3/3
    75 | D:1      | Reached skill level 1 in Armour
   173 | D:1      | Reached skill level 1 in Throwing
   183 | D:1      | Gained mutation: When seriously injured, your blood forms
                  | armour. (AC +6) [demonic ancestry]
   183 | D:1      | Reached XP level 2. HP: 21/22 MP: 5/5
   289 | D:1      | Learned a level 2 spell: Blink
   633 | D:1      | Reached skill level 2 in Long Blades
  1067 | D:1      | Found a faded altar of an unknown god.
  1571 | D:2      | Found Mekhip's Weapon Shoppe.
  1575 | D:2      | Reached XP level 3. HP: 24/27 MP: 6/6
  2562 | D:2      | Reached XP level 4. HP: 12/34 MP: 7/7
  3225 | D:3      | Gained mutation: You have a pair of small horns on your
                  | head. [demonic ancestry]
  3225 | D:3      | Reached XP level 5. HP: 34/40 MP: 8/8
  4068 | D:4      | Found a staircase to the Ecumenical Temple.
  4095 | D:4      | Found a glowing drain.
  4118 | Sewer    | Entered a sewer
  4190 | Sewer    | Noticed Pargi
  4204 | Sewer    | Killed Pargi
  4205 | Sewer    | Reached skill level 3 in Long Blades
  4205 | Sewer    | Reached XP level 6. HP: 26/47 MP: 9/9
  5041 | D:4      | Noticed Edmund
  5048 | D:4      | Noticed Sigmund
  5052 | D:4      | Killed Sigmund
  5106 | Temple   | Entered the Ecumenical Temple
  5167 | Temple   | Became a worshipper of Cheibriados the Contemplative
  5220 | D:5      | Entered Level 5 of the Dungeon
  5289 | D:5      | Reached skill level 1 in Invocations
  5289 | D:5      | Reached XP level 7. HP: 54/54 MP: 10/10
  5365 | D:5      | Reached skill level 1 in Evocations
  5436 | D:5      | Reached skill level 1 in Short Blades
  5619 | D:5      | Found a shimmering altar of Xom.
  5874 | D:5      | Gained mutation: You may rarely emit foul miasma when
                  | damaged in melee. [demonic ancestry]
  5874 | D:5      | Reached XP level 8. HP: 34/60 MP: 11/11
  6111 | D:5      | Noticed Pikel
  6123 | D:5      | Killed Pikel
  6124 | D:5      | Reached skill level 5 in Invocations
  6607 | D:5      | Noticed Dowan
  6607 | D:5      | Noticed Duvessa
  6628 | D:5      | Killed Dowan
  6629 | D:5      | Reached skill level 5 in Throwing
  6668 | D:5      | HP: 2/90 [Duvessa (14)]
  6669 | D:5      | Killed Duvessa
  7892 | D:6      | Gained mutation: You sometimes emit foul miasma when
                  | damaged in melee. [demonic ancestry]
  7892 | D:6      | Reached XP level 9. HP: 56/65 MP: 12/12
  8026 | D:6      | Reached skill level 4 in Long Blades
  8085 | D:6      | Reached * piety under Cheibriados
  8585 | D:4      | Killed Edmund
  8586 | D:4      | Reached skill level 5 in Evocations
  9573 | D:7      | Reached skill level 5 in Long Blades
  9820 | D:7      | Reached skill level 6 in Long Blades
 10148 | D:7      | Found Gomom's Assorted Antiques.
 10149 | D:7      | Noticed a deep elf pyromancer
 10160 | D:7      | Killed a deep elf pyromancer
 10161 | D:7      | Reached skill level 7 in Long Blades
 10226 | D:7      | Bought a sapphire potion for 18 gold pieces
 10490 | D:8      | Reached ** piety under Cheibriados
 10499 | D:8      | Reached skill level 8 in Long Blades
 10499 | D:8      | Gained mutation: You have a pair of horns on your head.
                  | [demonic ancestry]
 10499 | D:8      | Reached XP level 10. HP: 28/71 MP: 13/13
 11624 | D:8      | Noticed Prince Ribbit
 11629 | D:8      | Killed Prince Ribbit
 12082 | D:8      | Got Ewarof's Volume of the Creative Mountains
 12139 | D:8      | Reached skill level 5 in Fighting
 12570 | D:9      | Reached skill level 9 in Long Blades
 12655 | D:9      | Reached *** piety under Cheibriados
 12770 | D:9      | Noticed Erica
 12777 | D:9      | Killed Erica
 12928 | D:10     | Entered Level 10 of the Dungeon
 13159 | D:10     | Noticed a two-headed ogre
 13164 | D:10     | a two-headed ogre changed into a komodo dragon
 13213 | D:10     | Reached skill level 10 in Long Blades
 13221 | D:10     | Gained mutation: You regenerate magic rapidly. [demonic
                  | ancestry]
 13221 | D:10     | Reached XP level 11. HP: 33/84 MP: 14/14
 14024 | D:10     | Noticed an oklob plant
 14074 | D:10     | Reached **** piety under Cheibriados
 15015 | D:11     | Reached skill level 5 in Dodging
 15276 | D:11     | Found a stormy altar of Qazlal.
 15292 | D:11     | Reached skill level 11 in Long Blades
 15308 | D:11     | Noticed a four-headed hydra
 15429 | D:12     | Found a frozen archway.
 15453 | IceCv    | Entered an ice cave
 15648 | IceCv    | Identified a scroll of acquirement
 15648 | IceCv    | Acquired the +8 crystal plate armour of the Game of Life
                  | {rElec rC+ rCorr SInv}
 15650 | IceCv    | Noticed a white ugly thing
 15661 | IceCv    | Killed a white ugly thing
 15687 | IceCv    | Learned a level 2 spell: Passwall
 16437 | IceCv    | Engulfed by an ice statue's freezing vapour

Illustrated notes

Levels and vault maps discovered:
D:1:      dpeg_arrival_tiny_j, layout_basic, ebering_ecumenical_altar_petrified,
          st_stairs_3, minmay_pentomino_z4
D:2:      layout_loops_ring, serial_shops, shop, kennysheep_generic_room_13
D:3:      layout_rooms
D:4:      layout_cave_pods, minmay_temple_entry_stoned_glass,
          gup_sewer_entry_pipe, sigmund_edmund_badplayer
D:5:      layout_layer_cave, old_standard_altar, uniq_duvessa, uniq_pikel
D:6:      layout_basic, uniq_edmund
D:7:      layout_basic, serial_shops, nicolae_diamond_shop
D:8:      layout_rooms, amcnicky_mini_rare_corridor_liquid, uniq_prince_ribbit1
D:9:      layout_cave_pools, david_orc_4, corexii_corridor_pit,
          hangedman_misty_isle, uniq_erica
D:10:     lemuel_slime, layout_loops_cross
D:11:     layout_basic, minmay_lair_entry_grove,
          nicolae_qazlal_scattered_showers
D:12:     layout_loops_ring, portal_ice_cave_entry_pillars_1, st_stairs_11,
          uniq_snorg
Temple:   mainiacjoe_temple_hex_bubbles
IceCv:    ice_cave_statue_garden_chambered

Skill      XL: |  1  2  3  4  5  6  7  8  9 10 11 |
---------------+----------------------------------+-----
Armour         | 1 |  1.1
Throwing       | 1 2 3 4 5 6 |  6.0
Dodging        | 2 3 5 |  5.9
Long Blades    | 2 3 8 10 11 | 11.2
Translocations | 3 |  3.4
Fighting       | 3 4 7 |  7.0
Invocations    | 1 3 5 6 |  6.5
Evocations     | 2 4 5 |  5.0
Short Blades   | 2 4 |  4.0
Spellcasting   | |  2.1

Action                   |  1- 3 |  4- 6 |  7- 9 | 10-12 || total
-------------------------+-------+-------+-------+-------++-------
Melee: Falchion          |   138 |   202 |   111 |    10 ||   461
       Headbutt          |       |    17 |    60 |   125 ||   202
       Short sword       |       |     7 |   180 |   120 ||   307
       Scimitar          |       |       |       |   291 ||   291
Throw: Boomerang         |     5 |       |       |       ||     5
       Throwing net      |       |       |       |     3 ||     3
 Cast: Blink             |     1 |     1 |     7 |    15 ||    24
Invok: Bend Time         |       |       |       |     1 ||     1
       Slouch            |       |       |       |     2 ||     2
Evoke: Wand              |       |     8 |     6 |     9 ||    23
  Use: Potion            |     1 |       |     1 |     4 ||     6
       Scroll            |       |     6 |     5 |     8 ||    19
 Stab: Sleeping          |     2 |       |     1 |       ||     3
       Paralysed         |       |       |       |     7 ||     7
       Held in net/web   |       |       |       |     2 ||     2
Armor: Leather armour    |    17 |    53 |   132 |   126 ||   328
       Robe              |    16 |    23 |       |    25 ||    64
       Crystal plate arm |       |       |       |    56 ||    56
Dodge: Dodged            |    80 |   133 |   193 |   318 ||   724

Table legend: (Time is in decaauts)
 A = Elapsed time spent in this place.
 B = Non-inter-level travel time spent in this place.
 C = Inter-level travel time spent in this place.
 D = Time resting spent in this place.
 E = Time spent auto-exploring this place.
 F = Levels seen in this place.
 G = Mean time per level.
                   A        B        C        D        E       F      G
               +--------+--------+--------+--------+--------+-----+--------+
         Total |  18666 |  17720 |    946 |   1155 |  13881 |  15 | 1244.4 |
       Dungeon |  17224 |  16318 |    906 |    579 |  13460 |  12 | 1435.3 |
        Temple |     90 |     50 |     40 |      0 |     49 |   1 |   90.0 |
         Sewer |    310 |    310 |      0 |      0 |    266 |   1 |  310.0 |
      Ice Cave |   1041 |   1041 |      0 |    576 |    105 |   1 | 1041.0 |
               +--------+--------+--------+--------+--------+-----+--------+

Top non-repeatable levels by time:
     D:5: 2981 daAuts
     D:6: 1896 daAuts
    D:10: 1793 daAuts
     D:4: 1761 daAuts
     D:7: 1555 daAuts
     D:1: 1551 daAuts
     D:2: 1478 daAuts
     D:8: 1432 daAuts
    D:11: 1169 daAuts
   IceCv: 1041 daAuts
     D:3: 980 daAuts
     D:9: 457 daAuts
   Sewer: 310 daAuts
    D:12: 168 daAuts
  Temple: 90 daAuts
